[Event "Titled Tuesday Blitz February 22 Early 2022"]
[White "Pajeken, Jakob Leon"]
[Black "Singh, Arvinder Preet"]
[WhiteFideId "12942839"]
[BlackFideId "5013240"]
[WhiteElo "2351"]
[BlackElo "2147"]
[Result "1-0"]
[Round "03"]
[TimeControl "180+1"]
[Date "2022.02.22"]
[WhiteClock "0:00:59"]
[BlackClock "0:00:25"]

1. d4 f5 2. Nf3 Nf6 3. g3 g6 4. Bg2 Bg7 5. O-O O-O 6. b3 d6 7. Bb2 c6 8. c4 Na6 9. Qc2 Bd7 10. Nc3 Qe8 11. Rac1 Rc8 12. Rfd1 b5 13. Qb1 b4 14. Na4 c5 15. dxc5 Bxa4 16. bxa4 Nxc5 17. Bxf6 Bxf6 18. Qxb4 Qxa4 19. Qxa4 Nxa4 20. Nd4 Nb2 21. Rd2 Na4 22. Bd5+ Kh8 23. Ne6 Rfe8 24. Rb1 Nb6 25. a4 Nxc4 26. Rc2 Nb6 27. Bc6 Rg8 28. a5 Nd7 29. Rb7 Ne5 30. Ba4 Rxc2 31. Bxc2 Ra8 32. Rc7 Kg8 33. Bb3 h6 34. f4 Ng4 35. h3 Ne3 36. Kf2 Rb8 37. Nd4+ Kf8 38. Ne6+ Kg8 39. Ba2 Nd1+ 40. Kf3 Nc3 41. Bc4 Rb1 42. Rc8+ Kh7 43. Nf8+ Kg7 44. Nd7 Bd4 45. Rg8+ Kh7 46. Nf8# 1-0


[Site "https://www.chess.com"]

[Event "Titled Tuesday Blitz February 22 Early 2022"]
[White "Palu, Andres"]
[Black "Do Nascimento,Christian Almeida"]
[WhiteFideId "119288"]
[BlackFideId "2143801"]
[WhiteElo "2050"]
[BlackElo "2108"]
[Result "0-1"]
[Round "03"]
[TimeControl "180+1"]
[Date "2022.02.22"]
[WhiteClock "0:00:08"]
[BlackClock "0:00:14"]

1. e4 c5 2. c3 d5 3. exd5 Qxd5 4. Nf3 Nf6 5. Na3 Nc6 6. Bc4 Qd8 7. d4 cxd4 8. cxd4 e6 9. Bf4 Bb4+ 10. Bd2 O-O 11. Bxb4 Nxb4 12. O-O Bd7 13. Ne5 Bc6 14. Qd2 a5 15. Rfe1 Bd5 16. b3 Nc6 17. Rad1 Qe7 18. Nb5 Rfd8 19. Qf4 a4 20. Nxc6 bxc6 21. Nc3 axb3 22. axb3 Qb4 23. Bxd5 Nxd5 24. Nxd5 Rxd5 25. Qe3 Rad8 26. Rc1 Qb6 27. h3 h6 28. Qc3 R5d6 29. Re3 Qxd4 30. Qxd4 Rxd4 31. Rxc6 Rd1+ 32. Kh2 R1d2 33. Rf3 R8d7 34. Rc8+ Kh7 35. Rcc3 Rb2 36. Rcd3 Rb7 37. Rc3 f5 38. Rfe3 Rb6 39. f4 Kg6 40. Kg3 Kf6 41. Rcd3 Rc6 42. Rc3 Rd6 43. Red3 Rxd3+ 44. Rxd3 g5 45. fxg5+ hxg5 46. Rc3 Ke5 47. Kf3 Kd4 48. Re3 g4+ 49. hxg4 fxg4+ 50. Kf4 e5+ 0-1


[Site "https://www.chess.com"]

[Event "Titled Tuesday Blitz February 22 Early 2022"]
[White "Papasimakopoulos, Alexandros"]
[Black "Freitag, Manfred"]
[WhiteFideId "4244125"]
[BlackFideId "1602004"]
[WhiteElo "2340"]
[BlackElo "2275"]
[Result "1-0"]
[Round "03"]
[TimeControl "180+1"]
[Date "2022.02.22"]
[WhiteClock "0:00:18"]
[BlackClock "0:00:16"]

1. d4 Nf6 2. c4 g6 3. Nc3 Bg7 4. e4 O-O 5. f3 d6 6. Nge2 a6 7. Be3 Nbd7 8. Qd2 b5 9. Nc1 b4 10. Nd5 c5 11. Nb3 cxd4 12. Nxd4 Bb7 13. Qxb4 Rb8 14. Qd2 a5 15. Be2 a4 16. O-O Nc5 17. Rab1 Nxd5 18. cxd5 Ba8 19. Rfc1 Qd7 20. Qa5 Rfc8 21. Bb5 Qc7 22. Qxc7 Rxc7 23. Bc6 Bxd4 24. Bxd4 Bxc6 25. Bxc5 Bb5 26. Bd4 Rbc8 27. Rc3 f6 28. Kf2 Rc4 29. Rbc1 Rxc3 30. Bxc3 Kf7 31. Ke3 f5 32. b3 axb3 33. axb3 e6 34. dxe6+ Kxe6 35. exf5+ gxf5 36. Kd4 Rc5 37. Re1+ Kd7 38. Rc1 Bc6 39. Bd2 Rxc1 40. Bxc1 Bb5 41. g4 Ke6 42. Ke3 fxg4 43. fxg4 Kd5 44. h4 Bd7 45. Kf4 Be6 46. Be3 Kc6 47. b4 Kb5 48. Bd2 Bd7 49. h5 Be8 50. Kg5 Bd7 51. Kh4 Kc4 52. g5 Bf5 53. g6 hxg6 54. h6 g5+ 55. Kxg5 Be4 56. Kf6 d5 57. Kg7 d4 58. h7 Bxh7 59. Kxh7 Kd3 60. Be1 Kc4 61. Kg6 d3 62. Kf5 Kd4 63. Kf4 Kc4 64. Ke4 Kb5 65. Kxd3 1-0


[Site "https://www.chess.com"]

[Event "Titled Tuesday Blitz February 22 Early 2022"]
[White "Papp, Levente"]
[Black "Bluebaum, Matthias"]
[WhiteFideId "751243"]
[BlackFideId "24651516"]
[WhiteElo "2308"]
[BlackElo "2550"]
[Result "1-0"]
[Round "03"]
[TimeControl "180+1"]
[Date "2022.02.22"]
[WhiteClock "0:00:07"]
[BlackClock "0:00:06"]

1. g3 d5 2. Nf3 Bg4 3. Bg2 e6 4. c4 c6 5. O-O Nf6 6. h3 Bh5 7. Ne5 Nbd7 8. Nxd7 Qxd7 9. b3 dxc4 10. bxc4 Qd4 11. Nc3 Qxc4 12. Rb1 Bb4 13. Qa4 a5 14. a3 b5 15. Qb3 Qxb3 16. Rxb3 Bxc3 17. Bxc6+ Ke7 18. Bxa8 Rxa8 19. g4 Bg6 20. Rxc3 Nd5 21. Rc5 b4 22. d3 Nc3 23. Re1 Kd6 24. Rc4 Kd5 25. e4+ Nxe4 26. Rexe4 Bxe4 27. Rxe4 Rc8 28. Re1 b3 29. Bb2 f6 30. Kf1 e5 31. Re2 a4 32. Ke1 h5 33. gxh5 Rh8 34. Re4 Rc8 35. Kd1 Rc7 36. Rc4 Ra7 37. Kd2 Ra8 38. Rc7 Rh8 39. Rxg7 Rxh5 40. Rg4 Rxh3 41. Rxa4 Rh2 42. Ra5+ Ke6 43. Rb5 Rxf2+ 44. Kc3 f5 45. Kxb3 Re2 46. a4 f4 47. a5 f3 48. Rb8 Ke7 49. Rb7+ Ke6 50. Rb8 Ke7 51. Ba3+ Kd7 52. a6 f2 53. Rf8 Re3 54. Kc3 e4 55. a7 Rxd3+ 56. Kb4 Rf3 57. a8=Q f1=Q 58. Qd5+ Ke7 59. Qc5+ Ke6 60. Qc8+ Ke5 61. Bb2+ Kd5 62. Qd7# 1-0


[Site "https://www.chess.com"]

[Event "Titled Tuesday Blitz February 22 Early 2022"]
[White "Paravyan, David"]
[Black "Arabidze, Meri"]
[WhiteFideId "4194985"]
[BlackFideId "13604040"]
[WhiteElo "2569"]
[BlackElo "2329"]
[Result "1/2-1/2"]
[Round "03"]
[TimeControl "180+1"]
[Date "2022.02.22"]
[WhiteClock "0:00:03"]
[BlackClock "0:00:09"]

1. e4 c5 2. Nf3 e6 3. d4 cxd4 4. Nxd4 Nc6 5. Nc3 a6 6. Nxc6 bxc6 7. Bd3 d5 8. O-O Nf6 9. Re1 Bb7 10. Bg5 Be7 11. e5 Nd7 12. Bxe7 Qxe7 13. Qg4 O-O 14. Re3 g6 15. Qf4 Rfd8 16. Rh3 c5 17. Qh6 Nf8 18. Re1 c4 19. Bf1 d4 20. Ne4 Bxe4 21. Rxe4 Rac8 22. Qf4 d3 23. cxd3 cxd3 24. Rxd3 Rc2 25. Rxd8 Qxd8 26. Re2 Rc5 27. Rd2 Qc7 28. Rd1 Rxe5 29. g3 a5 30. a3 g5 31. Qd2 Rd5 32. Qe1 Rxd1 33. Qxd1 Ng6 34. Qd2 h6 35. Bg2 Ne5 36. h3 Qc5 37. b4 axb4 38. axb4 Qb6 39. Qc3 f6 40. Be4 Kf7 41. Kg2 Ke7 42. Kg1 Kd6 43. Bg2 Ke7 44. Qd2 h5 45. Kh2 h4 46. gxh4 gxh4 47. f4 Nd7 48. Qe1 Qd4 49. Qxh4 Qxb4 50. Qg4 Qd4 51. Qg7+ Kd6 52. Qg3 Ke7 53. h4 f5 54. h5 Nf6 55. Qg7+ Kd6 56. Qf8+ Kd7 57. Qg7+ Kd6 58. Qf8+ Kd7 59. Qf7+ Kd6 60. Qf8+ 1/2-1/2


[Site "https://www.chess.com"]

[Event "Titled Tuesday Blitz February 22 Early 2022"]
[White "Patel, Riddhi R"]
[Black "Singh, Ojasva"]
[WhiteFideId "46699074"]
[BlackFideId "25681958"]
[WhiteElo "1296"]
[BlackElo "1741"]
[Result "0-1"]
[Round "03"]
[TimeControl "180+1"]
[Date "2022.02.22"]
[WhiteClock "0:01:02"]
[BlackClock "0:01:32"]

1. e4 e5 2. d4 exd4 3. c3 d5 4. cxd4 dxe4 5. Nc3 Nf6 6. Bg5 Be7 7. Nge2 O-O 8. Qd2 Ng4 9. Bxe7 Qxe7 10. h3 e3 11. fxe3 Nxe3 12. Nd1 Nc4 13. Qc2 Nd6 14. Nc3 Bf5 15. Qd2 Nc4 16. Nd5 Qd6 17. Qc3 Qxd5 18. Nf4 Qe4+ 19. Be2 Ne3 20. Rf1 Nxf1 21. Kxf1 Qxf4+ 22. Kg1 Nc6 23. d5 Qd4+ 24. Qxd4 Nxd4 25. Rc1 Nxe2+ 0-1


[Site "https://www.chess.com"]

[Event "Titled Tuesday Blitz February 22 Early 2022"]
[White "Perez Ponsa, Federico"]
[Black "Tsvetkov, Andrey"]
[WhiteFideId "117927"]
[BlackFideId "34139360"]
[WhiteElo "2672"]
[BlackElo "2280"]
[Result "1-0"]
[Round "03"]
[TimeControl "180+1"]
[Date "2022.02.22"]
[WhiteClock "0:00:37"]
[BlackClock "0:00:02"]

1. d4 d5 2. c4 e6 3. Nc3 c6 4. e4 dxe4 5. Nxe4 Bb4+ 6. Bd2 Qxd4 7. Bxb4 Qxe4+ 8. Be2 Na6 9. Bd6 Nh6 10. Qd2 Bd7 11. Qg5 Nf5 12. Ba3 c5 13. Nf3 f6 14. Qd2 Rd8 15. O-O-O O-O 16. Rhe1 Ba4 17. Bd3 Qg4 18. b3 Qxg2 19. Qe2 Bd7 20. Bxf5 exf5 21. Rg1 Qh3 22. Qe7 g6 23. Ng5 fxg5 24. Bb2 Qh6 25. Rxd7 Rxd7 26. Qxd7 Nb4 27. Rd1 g4+ 28. Kb1 g3 29. Qe6+ 1-0


[Site "https://www.chess.com"]

[Event "Titled Tuesday Blitz February 22 Early 2022"]
[White "Petrosyan, Manuel"]
[Black "Maze, Sebastien"]
[WhiteFideId "13300857"]
[BlackFideId "613762"]
[WhiteElo "2592"]
[BlackElo "2462"]
[Result "1/2-1/2"]
[Round "03"]
[TimeControl "180+1"]
[Date "2022.02.22"]
[WhiteClock "0:00:14"]
[BlackClock "0:00:11"]

1. d4 Nf6 2. c4 g6 3. Nc3 Bg7 4. e4 d6 5. Nf3 O-O 6. Be2 Na6 7. O-O e5 8. Be3 c6 9. Qc2 Ng4 10. Bg5 Qe8 11. Rad1 exd4 12. Nxd4 Bxd4 13. Bxg4 Qe5 14. Bxc8 Raxc8 15. Bf4 Qxf4 16. Rxd4 Rcd8 17. Rfd1 Rfe8 18. Qd2 Qxd2 19. R4xd2 Re6 20. f3 Kf8 21. Kf2 Ke7 22. Ne2 Re5 23. b3 Ra5 24. Nc3 Nb4 25. h4 a6 26. g4 b5 27. c5 d5 28. a4 bxa4 29. Nxa4 Rb5 30. Kg3 a5 31. h5 gxh5 32. gxh5 Rg8+ 33. Kf4 f6 34. h6 Rg5 35. Rd4 Rh5 36. R1d2 Rxh6 37. Nb6 Rxc5 38. exd5 Rh4+ 39. Kg3 Rxd4 40. Rxd4 Nxd5 41. Nc4 Rb5 42. Rh4 Rb4 43. Rxh7+ Ke6 44. Nxa5 Rb5 45. Nxc6 Kd6 46. Nd4 Rb4 47. Nf5+ Ke5 48. Nh6 Rxb3 49. Ng4+ Ke6 50. Ra7 f5 51. Ra6+ Ke7 52. Ne5 Re3 53. Ng6+ Kf7 54. Nh4 f4+ 55. Kg4 Re1 56. Kf5 Ke7 57. Ra7+ Ke8 58. Ng6 Kd8 59. Ra5 Ne7+ 60. Nxe7 Kxe7 61. Re5+ Rxe5+ 62. Kxe5 Kf7 63. Kf5 Kg7 64. Kg4 Kg6 65. Kxf4 Kf6 66. Ke4 Ke6 67. Ke3 Ke5 68. f4+ Ke6 69. Kf3 Kf5 70. Ke3 Kf6 71. Ke4 Ke6 72. f5+ Kf6 73. Kf4 Kf7 74. Kg5 Kg7 75. f6+ Kf7 76. Kf5 Kf8 77. Ke4 Kf7 78. Ke5 Kf8 79. Ke6 Ke8 80. f7+ Kf8 81. Kf6 1/2-1/2


[Site "https://www.chess.com"]

[Event "Titled Tuesday Blitz February 22 Early 2022"]
[White "Petrovic, Aleksa"]
[Black "Roman, Rodrigo"]
[WhiteFideId "967629"]
[BlackFideId "3701220"]
[WhiteElo "2139"]
[BlackElo "2001"]
[Result "1-0"]
[Round "03"]
[TimeControl "180+1"]
[Date "2022.02.22"]
[WhiteClock "0:00:06"]
[BlackClock "0:00:15"]

1. e4 c5 2. Nf3 Nc6 3. Nc3 g6 4. Bb5 Nd4 5. Bc4 Bg7 6. O-O e6 7. Re1 d6 8. Re3 Ne7 9. Ne2 Bh6 10. Rd3 e5 11. Nfxd4 cxd4 12. c3 Qc7 13. Bb5+ Bd7 14. Bxd7+ Qxd7 15. cxd4 exd4 16. Rxd4 Bg7 17. Rc4 O-O 18. d4 d5 19. exd5 Nxd5 20. Bg5 Rfe8 21. Rac1 Qf5 22. Bd2 Qd3 23. Ng3 Bxd4 24. Be3 Qxd1+ 25. Rxd1 Nxe3 26. fxe3 Bxe3+ 27. Kf1 Rad8 28. Rxd8 Rxd8 29. Rc7 Rb8 30. Ke2 Bf4 31. Rd7 Be5 32. Ne4 Bxb2 33. Nd6 Bg7 34. Nxf7 Re8+ 35. Kd3 Rb8 36. Nd6 Be5 37. Nxb7 Bxh2 38. Nc5 Rc8 39. Ne6 Re8 40. Nd4 Be5 41. Nc6 Bg7 42. Nxa7 Ra8 43. a4 Rf8 44. a5 Rf2 45. a6 Ra2 46. Rd6 Bf8 47. Rb6 Rxg2 48. Nc6 Ra2 49. a7 Kg7 50. Rb7+ Kh6 51. Kc4 Bd6 52. Kb5 Rb2+ 53. Ka6 Ra2+ 54. Na5 Bf4 55. a8=Q Bd2 56. Rb5 Bxa5 57. Qh1+ Kg7 58. Rxa5 Rf2 59. Qa1+ Rf6+ 60. Kb7 Kf7 61. Ra6 Rf5 62. Qa2+ Kg7 63. Ra5 Rf6 64. Qb2 Kf7 65. Qb3+ Kg7 66. Qc3 Kf7 67. Qc4+ Kf8 68. Qc8+ Kg7 69. Qd7+ Rf7 70. Kc7 h5 71. Qxf7+ Kxf7 72. Kd6 Kf6 73. Kd5 Kf5 74. Kd4+ Kf4 75. Kd3 g5 76. Ke2 h4 77. Kf2 g4 78. Ra4+ Kg5 79. Kg2 Kh5 80. Kh2 Kg5 81. Kg2 Kf5 82. Ra5+ Kf4 83. Rc5 h3+ 84. Kh2 Kf3 85. Rf5+ Ke4 86. Rf8 Ke3 87. Kg3 Ke2 88. Kxg4 h2 89. Rh8 Kf1 90. Rxh2 Kg1 91. Ra2 Kf1 92. Kf3 Kg1 93. Rb2 Kf1 94. Rb1# 1-0


[Site "https://www.chess.com"]

[Event "Titled Tuesday Blitz February 22 Early 2022"]
[White "Pichot, Alan"]
[Black "Tologon tegin, Semetei"]
[WhiteFideId "110973"]
[BlackFideId "13800574"]
[WhiteElo "2543"]
[BlackElo "2258"]
[Result "1-0"]
[Round "03"]
[TimeControl "180+1"]
[Date "2022.02.22"]
[WhiteClock "0:00:52"]
[BlackClock "0:00:12"]

1. e4 e5 2. Nf3 Nc6 3. Bb5 a6 4. Ba4 Nf6 5. O-O Be7 6. d3 b5 7. Bb3 O-O 8. a3 d5 9. exd5 Nxd5 10. h3 Re8 11. Re1 Bf6 12. Nbd2 h6 13. Ne4 Be7 14. Ng3 Bc5 15. c3 Bb6 16. d4 Bb7 17. dxe5 Na5 18. Bc2 Ne7 19. e6 fxe6 20. Qe2 Nf5 21. Bf4 Qf6 22. Rad1 Nc4 23. Nxf5 exf5 24. Qxe8+ Rxe8 25. Rxe8+ Kh7 26. Ne5 Nxe5 27. Bxe5 Qg5 28. g3 Qh5 29. Rd7 Qxe8 30. Rxg7+ Kh8 31. Re7+ Kg8 32. Rxe8+ Kf7 33. Rb8 1-0


[Site "https://www.chess.com"]

[Event "Titled Tuesday Blitz February 22 Early 2022"]
[White "Piliczewski, Bogusz"]
[Black "Ismayil, Malak"]
[WhiteFideId "1104144"]
[BlackFideId "13412604"]
[WhiteElo "1896"]
[BlackElo "1879"]
[Result "0-1"]
[Round "03"]
[TimeControl "180+1"]
[Date "2022.02.22"]
[WhiteClock "0:00:02"]
[BlackClock "0:00:30"]

1. d4 Nf6 2. Nf3 e6 3. Bf4 b6 4. e3 Bb7 5. Nbd2 Be7 6. Bd3 O-O 7. O-O d6 8. h3 Nbd7 9. Bh2 Re8 10. c3 Bf8 11. Qc2 e5 12. e4 g6 13. Rad1 Qe7 14. Rfe1 Bg7 15. b4 Nh5 16. Nc4 Rad8 17. a4 Qf6 18. Ne3 Nf4 19. Ng4 Qe7 20. Bxf4 exf4 21. Ngh2 h5 22. Nf1 Qf6 23. N1d2 Re7 24. h4 Rde8 25. Re2 Nf8 26. Rde1 d5 27. e5 Qe6 28. Nf1 c5 29. bxc5 bxc5 30. N1h2 c4 31. Ng5 Qc8 32. Bxg6 fxg6 33. Qd2 Qf5 34. f3 Ne6 35. Nh3 Bc6 36. a5 Qd3 37. Qxd3 cxd3 38. Rd2 Bb5 39. Nf2 Rc7 40. Nd1 Rec8 41. Nf1 Bf8 42. Rb2 a6 43. Nd2 Be7 0-1


[Site "https://www.chess.com"]

[Event "Titled Tuesday Blitz February 22 Early 2022"]
[White "Politov, Pavel Y."]
[Black "Matveeva, Olga"]
[WhiteFideId "24110515"]
[BlackFideId "24107018"]
[WhiteElo "2090"]
[BlackElo "2083"]
[Result "1-0"]
[Round "03"]
[TimeControl "180+1"]
[Date "2022.02.22"]
[WhiteClock "0:00:08"]
[BlackClock "0:00:15"]

1. e4 e6 2. d4 d5 3. Nc3 Bb4 4. e5 c5 5. a3 Bxc3+ 6. bxc3 Ne7 7. Qg4 Qc7 8. Qxg7 Rg8 9. Qxh7 cxd4 10. Ne2 Nbc6 11. f4 dxc3 12. h4 Bd7 13. h5 O-O-O 14. Qd3 d4 15. Rb1 Kb8 16. Rg1 Rg4 17. g3 Rh8 18. Bh3 Rg7 19. g4 Nd5 20. Rg2 Qd8 21. Kf1 Qh4 22. a4 Ne3+ 23. Bxe3 Qxh3 24. Bxd4 Qh1+ 25. Rg1 Qd5 26. Bxc3 Qc5 27. Qxd7 b6 28. Qd6+ Qxd6 29. exd6 Kc8 30. Bxg7 1-0


[Site "https://www.chess.com"]

[Event "Titled Tuesday Blitz February 22 Early 2022"]
[White "Ponkratov, Pavel"]
[Black "Aradhya, Garg"]
[WhiteFideId "4157800"]
[BlackFideId "25006746"]
[WhiteElo "2487"]
[BlackElo "2169"]
[Result "1-0"]
[Round "03"]
[TimeControl "180+1"]
[Date "2022.02.22"]
[WhiteClock "0:01:43"]
[BlackClock "0:00:09"]

1. d4 d5 2. c4 c6 3. Nf3 Nf6 4. Qc2 g6 5. Nc3 Bg7 6. e4 dxe4 7. Nxe4 Nxe4 8. Qxe4 Bf5 9. Qh4 O-O 10. Be2 c5 11. dxc5 Qa5+ 12. Bd2 Qxc5 13. O-O Nc6 14. Bh6 f6 15. Be3 Qa5 16. a3 Qc7 17. c5 Ne5 18. b4 Nxf3+ 19. Bxf3 Rad8 20. Rad1 e5 21. Qc4+ Kh8 22. b5 e4 23. Rxd8 Rxd8 24. Bxe4 Bxe4 25. Qxe4 f5 26. Qc4 b6 27. c6 Re8 28. Rd1 Qe7 29. a4 Be5 30. g3 Bd6 31. Bd4+ Be5 32. Re1 Qc7 33. Rxe5 Rxe5 34. Qc3 Kg8 35. Bxe5 Qd8 36. Qc4+ Kf8 37. c7 Qc8 38. Qd5 Qe8 39. Qd8 Kf7 40. Qxe8+ Kxe8 41. c8=Q+ Ke7 42. Qc7+ Ke6 43. f4 Kd5 44. Qc6# 1-0


[Site "https://www.chess.com"]

[Event "Titled Tuesday Blitz February 22 Early 2022"]
[White "Popadic, Dragan"]
[Black "Steil-Antoni, Fiona"]
[WhiteFideId "913650"]
[BlackFideId "4001249"]
[WhiteElo "2199"]
[BlackElo "2059"]
[Result "1-0"]
[Round "03"]
[TimeControl "180+1"]
[Date "2022.02.22"]
[WhiteClock "0:00:36"]
[BlackClock "0:00:06"]

1. e4 e5 2. d4 exd4 3. Qxd4 Nc6 4. Qe3 Nge7 5. Nc3 Ng6 6. Bd2 d6 7. O-O-O Be7 8. h4 Bxh4 9. g3 Be7 10. f4 Bg4 11. Be2 Bxe2 12. Ngxe2 Qd7 13. Kb1 O-O-O 14. Nd5 Rhe8 15. Nec3 h6 16. Nb5 Bf6 17. Nxa7+ Nxa7 18. Qxa7 Qb5 19. Bc3 Bxc3 20. Nxc3 Qa6 21. Qxa6 bxa6 22. Rd5 Ne7 23. Ra5 Kb7 24. Rd1 Nc6 25. Ra4 g5 26. a3 gxf4 27. gxf4 Rg8 28. Rh1 Rg4 29. f5 Rh8 30. Rh5 Rg5 31. Rh3 h5 32. Nd5 h4 33. Rb3+ Kc8 34. Rxa6 Kd7 35. Rc3 h3 36. Raxc6 1-0


[Site "https://www.chess.com"]

[Event "Titled Tuesday Blitz February 22 Early 2022"]
[White "Postnikov, Daniil"]
[Black "Srebrnic, Marko"]
[WhiteFideId "4166329"]
[BlackFideId "14603616"]
[WhiteElo "2261"]
[BlackElo "2340"]
[Result "1/2-1/2"]
[Round "03"]
[TimeControl "180+1"]
[Date "2022.02.22"]
[WhiteClock "0:00:02"]
[BlackClock "0:00:18"]

1. e4 c5 2. Nf3 Nc6 3. Bb5 g6 4. Bxc6 dxc6 5. d3 Bg7 6. h3 e5 7. Nc3 Qe7 8. Be3 b6 9. Qd2 Nf6 10. Bh6 Bxh6 11. Qxh6 Nd7 12. O-O f6 13. Nd2 Nf8 14. f4 exf4 15. Qxf4 Nd7 16. Qh6 Ne5 17. Rae1 Be6 18. Nf3 Nxf3+ 19. Rxf3 O-O-O 20. a3 Rhf8 21. Kh1 c4 22. Qe3 cxd3 23. cxd3 Qd7 24. Ne2 f5 25. Ref1 Rfe8 26. e5 c5 27. Nf4 Qd4 28. Qe2 Bd5 29. Re3 Be6 30. b4 cxb4 31. axb4 Kb8 32. b5 Rc8 33. g3 Rc5 34. Kh2 Rxb5 35. Rf2 Rb1 36. h4 Bd5 37. Nxd5 Qxd5 38. Rg2 Re6 39. Qc2 Rb4 40. Qc3 Qd4 41. Qd2 a5 42. Rge2 Qd5 43. Qc3 Rb1 44. Rg2 Rb3 45. Qc2 a4 46. Re1 a3 47. Rc1 Qxg2+ 48. Qxg2 Rxe5 49. Qc6 Rb2+ 50. Kg1 Rc5 51. Rxc5 bxc5 52. Qxc5 Rb1+ 53. Kf2 Rb2+ 54. Ke3 Rb7 55. Qxa3 Rd7 56. Qf8+ Kc7 57. Kf4 Rxd3 58. Kg5 Rd7 59. Kh6 Kc6 60. Qf6+ Kd5 61. h5 gxh5 62. Qxf5+ Kc6 63. Kxh5 Rd5 64. Qxd5+ Kxd5 65. Kh6 Ke4 66. g4 Kf4 67. g5 Kg4 68. Kxh7 Kxg5 1/2-1/2


[Site "https://www.chess.com"]

[Event "Titled Tuesday Blitz February 22 Early 2022"]
[White "Potapova, Margarita"]
[Black "Kozak, Alexander"]
[WhiteFideId "14126869"]
[BlackFideId "4135881"]
[WhiteElo "2209"]
[BlackElo "2251"]
[Result "0-1"]
[Round "03"]
[TimeControl "180+1"]
[Date "2022.02.22"]
[WhiteClock "0:00:23"]
[BlackClock "0:01:42"]

1. d4 g6 2. e4 Bg7 3. Nc3 d6 4. Be3 Nd7 5. h4 h6 6. Qd2 e5 7. O-O-O exd4 8. Bxd4 Ngf6 9. f3 O-O 10. g4 Re8 11. Bc4 Ne5 12. Bb3 Be6 13. Qe2 a5 14. Bxe5 Bxb3 15. Bxf6 Qxf6 16. axb3 b5 17. Qxb5 a4 18. bxa4 Reb8 19. Qd5 Ra6 20. e5 Qf4+ 21. Qd2 Qb4 22. b3 Bxe5 23. Nge2 Qa3+ 24. Kb1 Rxa4 0-1


[Site "https://www.chess.com"]

[Event "Titled Tuesday Blitz February 22 Early 2022"]
[White "Priasmoro, Novendra"]
[Black "Narayanan.S.L"]
[WhiteFideId "7105029"]
[BlackFideId "5058422"]
[WhiteElo "2309"]
[BlackElo "2494"]
[Result "0-1"]
[Round "03"]
[TimeControl "180+1"]
[Date "2022.02.22"]
[WhiteClock "0:00:57"]
[BlackClock "0:01:32"]

1. Nf3 e6 2. g3 f5 3. Bg2 Nf6 4. d4 Be7 5. O-O O-O 6. c4 d6 7. Nc3 a5 8. Re1 Nc6 9. d5 Ne5 10. Nxe5 dxe5 11. e4 exd5 12. Nxd5 Nxe4 13. Bxe4 fxe4 14. Rxe4 Bd6 15. Be3 Bf5 16. Rh4 c6 17. Nc3 Be7 18. Rh5 Qxd1+ 19. Nxd1 g6 20. Rh6 Kg7 21. h4 Rad8 22. Nc3 Rd3 23. Re1 Rfd8 24. Bg5 Bf8 25. Rxe5 R8d7 26. h5 Kg8 27. hxg6 Bxh6 28. Bxh6 hxg6 29. Be3 Bg4 30. Kg2 Rf7 31. f4 Rf6 32. Kf2 Re6 33. Rxe6 Bxe6 34. Ne4 Bxc4 35. Nc5 Rd5 36. b3 Bd3 37. Nxb7 Bb1 38. a3 Rb5 39. Nc5 Bc2 40. b4 axb4 41. axb4 Rxb4 42. g4 Kf7 43. Ke2 Rc4 44. Kd2 Be4 45. Nb3 Rc2+ 46. Ke1 Rc3 0-1


[Site "https://www.chess.com"]

[Event "Titled Tuesday Blitz February 22 Early 2022"]
[White "Przybylski, Wojciech"]
[Black "Neiksans, Arturs"]
[WhiteFideId "1117599"]
[BlackFideId "11601388"]
[WhiteElo "2133"]
[BlackElo "2447"]
[Result "0-1"]
[Round "03"]
[TimeControl "180+1"]
[Date "2022.02.22"]
[WhiteClock "0:00:05"]
[BlackClock "0:00:39"]

1. e4 c5 2. Nf3 e6 3. b3 b6 4. Bb2 Bb7 5. Qe2 Nc6 6. d4 cxd4 7. Nxd4 Nxd4 8. Bxd4 Nf6 9. Nd2 Rc8 10. c4 Bb4 11. f3 O-O 12. e5 Nh5 13. Qe3 d6 14. Bd3 Qh4+ 15. Kd1 dxe5 16. Bxe5 Rfd8 17. Kc2 Bc5 18. Qe1 Qg5 19. g4 Nf4 20. h4 Qxe5 21. Bxh7+ Kxh7 22. Qxe5 Nd3 23. Qh5+ Kg8 24. Ne4 Nb4+ 25. Kb2 Bxe4 26. fxe4 Rd2+ 27. Kc1 Rcd8 28. a3 Na2+ 29. Rxa2 Rxa2 30. Qe5 Rdd2 31. b4 Be3 32. Qb8+ Kh7 33. Re1 Rdc2+ 34. Kb1 Rcb2# 0-1


[Site "https://www.chess.com"]

[Event "Titled Tuesday Blitz February 22 Early 2022"]
[White "Quirke, Jeffrey"]
[Black "Talibov, Shiroghlan"]
[WhiteFideId "2013029"]
[BlackFideId "13429078"]
[WhiteElo "2215"]
[BlackElo "2070"]
[Result "0-1"]
[Round "03"]
[TimeControl "180+1"]
[Date "2022.02.22"]
[WhiteClock "0:00:01"]
[BlackClock "0:00:22"]

1. c4 g6 2. g3 Bg7 3. Bg2 h5 4. h4 e5 5. Nc3 Nc6 6. Nf3 Nh6 7. d3 O-O 8. O-O d6 9. Rb1 a5 10. a3 f5 11. Ng5 Ne7 12. b4 axb4 13. axb4 f4 14. Nce4 c6 15. b5 d5 16. cxd5 cxd5 17. Nc5 Qd6 18. Qc2 Nhf5 19. gxf4 Nd4 20. fxe5 Bxe5 21. Qd2 Qxc5 22. e3 Qd6 23. exd4 Bxd4 24. Bb2 Ra2 25. Qc1 Bxb2 26. Rxb2 Ra4 27. Nf3 Rxf3 28. Bxf3 Rxh4 29. Re1 Bh3 30. Qe3 Kf7 31. Rbe2 Ng8 32. Qe8+ Kg7 33. Qe5+ Qxe5 34. Rxe5 Rb4 35. Rxd5 Nf6 36. Rd6 Rxb5 37. Re7+ Kf8 38. Rc7 Ne8 39. Rd8 Re5 40. Rxb7 Re7 41. Rbb8 Kf7 42. Rxe8 Rxe8 43. Rxe8 Kxe8 44. Kh2 Bf5 45. Kg3 Bxd3 46. Bd5 Ke7 47. f4 Kf6 48. Bb3 Kf5 49. Ba4 Bc4 50. Bd7+ Be6 51. Bc6 h4+ 52. Kxh4 Kxf4 0-1


[Site "https://www.chess.com"]

[Event "Titled Tuesday Blitz February 22 Early 2022"]
[White "Reprintsev, Alexander"]
[Black "Lorente Serrano, Rosa Adela"]
[WhiteFideId "14100541"]
[BlackFideId "32091982"]
[WhiteElo "2126"]
[BlackElo "1820"]
[Result "1-0"]
[Round "03"]
[TimeControl "180+1"]
[Date "2022.02.22"]
[WhiteClock "0:00:07"]
[BlackClock "0:00:14"]

1. e4 c5 2. b3 g6 3. Bb2 Nf6 4. e5 Nd5 5. Nc3 Nxc3 6. dxc3 Bg7 7. Qd5 O-O 8. Qxc5 Nc6 9. Nf3 Qc7 10. Bb5 b6 11. Qc4 Bb7 12. O-O-O a6 13. Bxc6 Bxc6 14. Rhe1 b5 15. Qe2 a5 16. c4 bxc4 17. Qxc4 a4 18. Nd4 axb3 19. Nxc6 dxc6 20. axb3 Ra7 21. f4 e6 22. Rd6 Rc8 23. Red1 Bf8 24. Rd7 Qb8 25. Rxa7 Qxa7 26. Rd4 Bc5 27. Rd3 Ba3 28. Bxa3 Qxa3+ 29. Kd2 Qa5+ 30. Qc3 Qb6 31. Qd4 Qa5+ 32. Ke2 Qa2 33. Qc5 Qa8 34. Kf2 Rd8 35. Rxd8+ Qxd8 36. Qxc6 Qd2+ 37. Kf3 Qd1+ 38. Ke3 Kg7 39. b4 Qe1+ 40. Kd3 Qxb4 41. c4 Qb3+ 42. Kd4 Qd1+ 43. Kc5 Qg1+ 44. Kd6 Qe3 45. c5 Qxf4 46. Qc7 Qd4+ 47. Ke7 Qh4+ 48. Ke8 Qxh2 49. Qxf7+ Kh6 50. Qxe6 Qh4 51. c6 Qa4 52. Qd7 Qa8+ 53. Ke7 Qg8 54. c7 Qg7+ 55. Kd6 Qf8+ 56. Qe7 Qxe7+ 57. Kxe7 Kh5 58. c8=Q g5 59. Kf6 h6 60. Qg8 Kh4 61. Kf5 1-0


[Site "https://www.chess.com"]

[Event "Titled Tuesday Blitz February 22 Early 2022"]
[White "Roberson, Peter T"]
[Black "Fajdetic, Hrvoje"]
[WhiteFideId "412384"]
[BlackFideId "14501945"]
[WhiteElo "2346"]
[BlackElo "2140"]
[Result "1-0"]
[Round "03"]
[TimeControl "180+1"]
[Date "2022.02.22"]
[WhiteClock "0:00:51"]
[BlackClock "0:00:29"]

1. e4 e6 2. d4 d5 3. e5 c5 4. c3 Nc6 5. Nf3 Bd7 6. dxc5 Bxc5 7. b4 Bb6 8. b5 Nce7 9. Bd3 f6 10. O-O fxe5 11. Nxe5 Nf6 12. c4 O-O 13. Bb2 dxc4 14. Bxc4 Ned5 15. Nd2 Qe7 16. a4 Rae8 17. Ndf3 Bc8 18. h3 Kh8 19. Re1 Nh5 20. Qb3 Nhf4 21. Rad1 Qf6 22. Nd7 Nxh3+ 23. gxh3 Qxf3 24. Qxf3 Rxf3 25. Nxb6 axb6 26. Bxd5 exd5 27. Rxe8+ 1-0


[Site "https://www.chess.com"]